 Dungeon Crawl Stone Soup version 0.18.0-1-g0107ab7 (webtiles) character file.

19 Alarkh the Poker (level 2, 0/22 HPs)
             Began as a Mummy Skald on May 5, 2016.
             Slain by a jackal (1 damage)
             ... on level 1 of the Dungeon.
             The game lasted 00:00:41 (545 turns).

Alarkh the Poker (Mummy Skald)                       Turns: 545, Time: 00:00:43

Health: 0/22       AC:  3    Str: 15    XL:     2   Next: 55%
Magic:  3/5        EV: 11    Int: 11    God:
Gold:   35         SH:  0    Dex: 11    Spells: 3 memorised, 0 levels left

rFire  x . .     SeeInvis .     a - +0 spear
rCold  + . .     Gourm    .     b - +0 leather armour
rNeg   + + +     Faith    .     (no shield)
rPois  ∞         Spirit   .     (no helmet)
rElec  .         Dismiss  .     (no cloak)
rCorr  .         Reflect  .     (no gloves)
SustAt .         Harm     .     (no boots)
MR     .....                    (no amulet)
Stlth  +.........               (no ring)
                                (no ring)

@: not resistant to hostile enchantments, very unstealthy
A: no food or potions, fire vulnerability, cold resistance 1, negative energy
resistance 3, torment resistance, unbreathing
a: no special abilities


You were on level 1 of the Dungeon.
You were not hungry.

You visited 1 branch of the dungeon, and saw 1 of its levels.

You collected 35 gold pieces.

Inventory:

Hand Weapons
 a - a +0 spear (weapon)
Armour
 b - a +0 leather armour (worn)
Jewellery
 e - an uncursed amulet of harm {unknown}
Scrolls
 d - 2 scrolls of identify {unknown}
Books
 c - a book of Battle

   Spells                             Type                      Level
   a - Infusion                       Charms                       1
   b - Shroud of Golubria             Charms/Translocation         2
   c - Song of Slaying                Charms                       2
   d - Spectral Weapon                Hexes/Charms                 3
   e - Regeneration                   Charms/Necromancy            3


   Skills:
 - Level 2.0 Fighting
 * Level 2.6 Polearms
 - Level 0.7 Armour
 - Level 0.7 Dodging
 - Level 2.0 Spellcasting
 - Level 2.4 Charms


You couldn't memorise any spells.
You knew the following spells:

 Your Spells              Type           Power        Failure   Level  Hunger
a - Infusion              Chrm           #...         17%         1    N/A
b - Song of Slaying       Chrm           #.......     24%         2    N/A
c - Shroud of Golubria    Chrm/Tloc      #.........   34%         2    N/A

Dungeon Overview and Level Annotations

Branches:
Dungeon (1/15)

Altars:


Innate Abilities, Weirdness & Mutations

You do not eat or drink.
Your flesh is vulnerable to fire.
You are immune to poison.
Your flesh is cold resistant.
You are immune to negative energy.
You are immune to unholy pain and torment.
You can survive without breathing.


Message History

The jackal completely misses you.
You closely miss the jackal.
The jackal is heavily wounded.
The jackal bites you.
* * * LOW HITPOINT WARNING * * *
The jackal bites you.
* * * LOW HITPOINT WARNING * * *
You closely miss the jackal.
The jackal is heavily wounded.
The jackal bites you.
* * * LOW HITPOINT WARNING * * *
The jackal completely misses you. The jackal closely misses you.
You miss the jackal.
The jackal is heavily wounded.
The jackal closely misses you. The jackal completely misses you.
The jackal bites you but does no damage.
You hit the jackal but do no damage.
The jackal is heavily wounded.
The jackal closely misses you. The jackal bites you.
You die...

#.# #.# #†# #.#
###.### #...#.#
#.#.#.###...
####........... #
#@h....####....
#.#h####.........
#.#..#....#.....
#####.....†#..#
#.##
#$............#
..
##.#####.†....# #
#.#..#.#
..#......
##...#.####


You could see 2 jackals.

Vanquished Creatures
  A dart slug (D:1)
  2 giant geckos (D:1)
  A giant cockroach (D:1)
  3 goblins (D:1)
  A hobgoblin (D:1)
  A jackal (D:1)
  A ball python (D:1)
  2 bats (D:1)
  2 kobolds (D:1)
14 creatures vanquished.

Notes
Turn   | Place    | Note
--------------------------------------------------------------
     0 | D:1      | Alarkh the Mummy Skald began the quest for the Orb.
     0 | D:1      | Reached XP level 1. HP: 16/16 MP: 3/3
   376 | D:1      | Reached XP level 2. HP: 21/22 MP: 0/5
   383 | D:1      | Learned a level 2 spell: Song of Slaying
   386 | D:1      | Learned a level 2 spell: Shroud of Golubria
   543 | D:1      | HP: 1/22 [jackal (3)]
   545 | D:1      | Slain by a jackal

Skill      XL: |  1 |
---------------+----+-----
Polearms       | 2 |  2.6
Fighting       | |  2.0
Armour         | |  0.7
Dodging        | |  0.7
Spellcasting   | |  2.0
Charms         | |  2.4

Action                   || total
-------------------------++-------
Melee: Spear             ||    69
 Cast: Infusion          ||     4
       Song of Slaying   ||     1
Armor: Leather armour    ||    22
Dodge: Dodged            ||    46
